 Dungeon Crawl Stone Soup version 0.18.1-8-gdd0e5ea (webtiles) character file.

7142 juanjsm the Covert (level 11, 0/84 HPs)
             Began as an Octopode Transmuter on June 7, 2016.
             Was a High Priest of Cheibriados.
             Slain by a hill giant
             ... wielding a +0 giant club
              (9 damage)
             ... on level 10 of the Dungeon.
             The game lasted 01:07:58 (10037 turns).

juanjsm the Covert (Octopode Transmuter)           Turns: 10037, Time: 01:08:00

Health: 0/84       AC: 30    Str: 26    XL:     11   Next: 10%
Magic:  16/17      EV:  4    Int: 24    God:    Cheibriados [*****.]
Gold:   201        SH:  0    Dex: 31    Spells: 5 memorised, 3 levels left

rFire  . . .     SeeInvis +       - Unarmed
rCold  . . .     Gourm    .     (no shield)
rNeg   + + +     Faith    .     (helmet currently unavailable)
rPois  +         Spirit   .     (no amulet)
rElec  .         Dismiss  .     j - +5 ring of protection
rCorr  +         Reflect  .     J - ring of wizardry
SustAt .         Harm     .     B - ring of Rogen {rCorr -Tele Str+3 Int-5 Dex+6 Slay+3}
MR     .....     NoTele   +     U - ring of see invisible
Stlth  ++++++++..               (no ring)
                                (no ring)
                                (no ring)
                                (no ring)

@: tree-form, repel missiles, very slow, not resistant to hostile enchantments,
extraordinarily stealthy
A: almost no armour, (amphibious), 8 rings, (constrict 8), (antennae 0),
(tentacle spike 0), repulsion field 1, rough black scales 1, (camouflage 0),
dopey 1, frail 1, (gelatinous body 0), subdued magic 2
a: Bend Time, Temporal Distortion, Slouch, Step From Time, Renounce Religion


You were on level 10 of the Dungeon.
You worshipped Cheibriados.
Cheibriados was extremely pleased with you.
You were not hungry.
You were a tree.
You visited 2 branches of the dungeon, and saw 12 of its levels.

You collected 390 gold pieces.
You spent 189 gold pieces at shops.

Inventory:

Hand Weapons
 d - a +1 dagger of venom
 i - a +0 hunting sling
 o - a cursed -1 dagger
 L - a +3 dagger
 N - a +2 whip of freezing
 S - a +0 hand crossbow
 W - a +0 longbow
Missiles
 a - 124 arrows
 k - 8 javelins
 q - 5 tomahawks of returning (quivered)
 r - 84 sling bullets
 V - 40 bolts
Armour
 Y - a +0 large shield
Jewellery
 j - a +5 ring of protection (left branch)
 u - an uncursed amulet of harm
 B - the ring of Rogen (on tentacle) {rCorr -Tele Str+3 Int-5 Dex+6 Slay+3}
   (You bought it in a shop on level 6 of the Dungeon)

   [ring of resist corrosion]

   It affects your strength (+3).
   It affects your intelligence (-5).
   It affects your dexterity (+6).
   It affects your accuracy and damage with ranged weapons and melee attacks
   (+3).
   It prevents most forms of teleportation.
 J - a ring of wizardry (right branch)
 U - a ring of see invisible (on tentacle)
Wands
 x - a wand of paralysis (9/24)
 y - a wand of slowing (12/48)
 H - a wand of flame (33/48)
 K - a wand of disintegration (12/24)
Scrolls
 f - 2 scrolls of enchant weapon {unknown}
 g - 2 scrolls of fear
 m - 8 scrolls of remove curse
 n - 4 scrolls of teleportation
 s - 4 scrolls of recharging {unknown}
 t - a scroll of amnesia {unknown}
 w - a scroll of enchant armour {unknown}
 z - 2 scrolls of magic mapping {unknown}
 G - a scroll of blinking {unknown}
 O - a scroll of fog {unknown}
Potions
 e - 3 potions of ambrosia
 h - 5 potions of lignification
 A - a potion of might
 C - a potion of cancellation
 D - a potion of curing
 E - 2 potions of magic
 I - 3 potions of agility
 Q - a potion of mutation
Books
 b - a book of Changes

   Spells                             Type                      Level
   a - Beastly Appendage              Transmutation                1
   b - Sticks to Snakes               Transmutation                2
   c - Spider Form                    Transmutation/Poison         3
   d - Ice Form                       Ice/Transmutation            4
   e - Blade Hands                    Transmutation                5
 l - a book of Power

   Spells                             Type                      Level
   a - Fulminant Prism                Conjuration/Hexes            4
   b - Iskenderun's Mystic Blast      Conjuration                  4
   c - Venom Bolt                     Conjuration/Poison           5
   d - Bolt of Magma                  Conjuration/Fire/Earth       5
   e - Iron Shot                      Conjuration/Earth            6
   f - Orb of Destruction             Conjuration                  7
   g - Spellforged Servitor           Conjuration/Summoning        7
 v - a book of Air

   Spells                             Type                      Level
   a - Shock                          Conjuration/Air              1
   b - Swiftness                      Charms/Air                   2
   c - Repel Missiles                 Charms/Air                   2
   d - Static Discharge               Conjuration/Air              3
   e - Lightning Bolt                 Conjuration/Air              5
 P - a book of Changes

   Spells                             Type                      Level
   a - Beastly Appendage              Transmutation                1
   b - Sticks to Snakes               Transmutation                2
   c - Spider Form                    Transmutation/Poison         3
   d - Ice Form                       Ice/Transmutation            4
   e - Blade Hands                    Transmutation                5
 R - a book of Clouds

   Spells                             Type                      Level
   a - Mephitic Cloud                 Conjuration/Poison/Air       3
   b - Conjure Flame                  Conjuration/Fire             3
   c - Poisonous Cloud                Conjuration/Poison/Air       6
   d - Freezing Cloud                 Conjuration/Ice/Air          6
   e - Ring of Flames                 Charms/Fire                  7
 T - a Young Poisoner's Handbook

   Spells                             Type                      Level
   a - Sting                          Conjuration/Poison           1
   b - Cure Poison                    Poison                       2
   c - Mephitic Cloud                 Conjuration/Poison/Air       3
   d - Olgreb's Toxic Radiance        Poison                       4
   e - Venom Bolt                     Conjuration/Poison           5
Miscellaneous
 F - a plain deck of summoning
Comestibles
 c - 9 bread rations
 p - 4 fruits
 M - a beef jerky
 X - 9 chunks of flesh


   Skills:
 - Level 1.0 Fighting
 + Level 6.5 Dodging
 + Level 10.2 Stealth
 * Level 8.9 Unarmed Combat
 * Level 4.2 Spellcasting
 + Level 0.4 Charms
 + Level 8.2 Transmutations
 + Level 2.1 Poison Magic
 * Level 6.5 Evocations


You had 3 spell levels left.
You knew the following spells:

 Your Spells              Type           Power        Failure   Level  Hunger
a - Beastly Appendage     Trmt           ####..       1%          1    None
b - Spider Form           Trmt/Pois      ###.......   1%          3    ##.....
c - Ice Form              Ice/Trmt       ###.....     6%          4    ####...
d - Blade Hands           Trmt           ####......   3%          5    #####..
e - Repel Missiles        Chrm/Air       #.....       4%          2    None


Dungeon Overview and Level Annotations

Branches:
Dungeon (11/15)            Temple (1/1) D:4
   Lair: D:8-11         Orc: D:9-12

Altars:
Ashenzari
Cheibriados
Dithmenos
Elyvilon
Fedhas
Gozag
Kikubaaqudgha
Makhleb
Nemelex Xobeh
Okawaru
Pakellas
Ru
Sif Muna
Trog
Vehumet
Xom
Yredelemnul
Zin
The Shining One

Shops:
D:6 *


Innate Abilities, Weirdness & Mutations

You cannot wear most types of armour.
((You are amphibious.))
You can wear up to eight rings at the same time.
((You can use your tentacles to constrict eight enemies at once.))
((Your skin changes colour to match your surroundings (Stealth).))
((Your rubbery body absorbs attacks (AC +1).))
((You have a pair of small antennae on your head.))
((One of your tentacles bears a spike.))
You are surrounded by a mild repulsion field (EV +2).
(You are partially covered in rough black scales (AC +4, Dex -1).)
You are dopey. (Int -2)
You are frail (-10% HP).
Your spells are easier to cast, but less powerful.


Message History

The hill giant completely misses you.
You bite the hill giant!
The hill giant is heavily wounded.
You hit the hill giant.
The hill giant is heavily wounded.
The hill giant completely misses you.
You hit the hill giant.
The hill giant is severely wounded.
The hill giant misses you.
You hit the hill giant but do no damage.
The hill giant is severely wounded.
You bite the hill giant!
The hill giant is almost dead.
The hill giant hits you with a giant club!!
* * * LOW HITPOINT WARNING * * *
Drink which item? (? for menu, Esc to quit)
Your transformation has ended.
You turn into a tree.
Your roots penetrate the ground.
The hill giant hits you with a giant club!
You die...

#########
#####
#....=..#
#....
#$......#
.###
#.......#
#..
#.C.....#
#<#
+..♣....#
#.#
#.......+
#.#
#.......#
.[#
######'##
### ##.#
# ##..# #
#..## #
###'####
#......#
#######


You could see a hill giant.

Vanquished Creatures
  A centaur warrior (D:10)
  A hill giant (D:8)
  Pikel (D:7)
  Prince Ribbit (D:6)
  A two-headed ogre (D:10)
  Sigmund (D:4)
  2 ice beasts
  A wyvern (D:8)
  3 yaks (D:10)
  Eustachio (D:6)
  A hungry ghost (D:10)
  A water moccasin (D:9)
  Edmund (D:5)
  3 orc warriors
  2 ogres
  A necrophage (D:9)
  A centaur (D:5)
  2 big kobolds
  5 giant frogs
  A scorpion (D:5)
  A water moccasin skeleton (D:8)
  11 wights
  18 killer bees
  5 crimson imps
  A centaur zombie (D:6)
  A howler monkey (D:5)
  2 centaur skeletons
  4 hounds
  4 orc priests
  4 giant frog skeletons
  5 worker ants
  An iguana (D:7)
  10 orc wizards
  A killer bee zombie (D:8)
  A hound zombie (D:9)
  A worker ant zombie (D:5)
  8 adders
  8 gnolls
  A shadow imp (D:9)
  2 oozes
  An adder skeleton (D:4)
  An adder zombie (D:6)
  A worm (D:4)
  4 dart slugs
  4 giant geckos
  24 orcs
  2 ball pythons (D:1)
  4 giant cockroaches
  7 hobgoblins
  11 jackals
  4 quokkas
  4 bats
  A giant gecko zombie (D:6)
  6 giant newts
  7 goblins
  11 kobolds
  A quokka skeleton (D:6)
  5 rats
218 creatures vanquished.

Vanquished Creatures (others)
  2 slaves (D:7)
  A necrophage (D:7)
  2 howler monkeys (D:7)
  A crimson imp (D:7)
  An adder zombie (D:7)
7 creatures vanquished.

Grand Total: 225 creatures vanquished

Notes
Turn   | Place    | Note
--------------------------------------------------------------
     0 | D:1      | juanjsm the Octopode Transmuter began the quest for the Orb.
     0 | D:1      | Reached XP level 1. HP: 13/13 MP: 3/3
   201 | D:1      | Reached XP level 2. HP: 4/18 MP: 3/5
   744 | D:1      | Reached skill level 1 in Stealth
  1550 | D:2      | Reached XP level 3. HP: 23/23 MP: 4/6
  1555 | D:2      | Learned a level 3 spell: Spider Form
  1614 | D:2      | Found a snail-covered altar of Cheibriados.
  1784 | D:2      | Reached skill level 2 in Stealth
  1977 | D:3      | Reached XP level 4. HP: 28/28 MP: 2/7
  2278 | D:3      | Reached skill level 3 in Stealth
  2278 | D:3      | Reached XP level 5. HP: 33/33 MP: 8/8
  2482 | D:3      | Learned a level 4 spell: Ice Form
  2547 | D:3      | Found a sacrificial altar of Ru.
  3024 | D:5      | Entered Level 5 of the Dungeon
  3047 | D:4      | Found a staircase to the Ecumenical Temple.
  3087 | Temple   | Entered the Ecumenical Temple
  3428 | D:2      | Became a worshipper of Cheibriados the Contemplative
  3512 | D:4      | Reached XP level 6. HP: 16/38 MP: 9/9
  3755 | D:4      | Reached skill level 5 in Transmutations
  3816 | D:4      | Found a radiant altar of Vehumet.
  3952 | D:4      | Noticed Sigmund
  4243 | D:4      | Killed Sigmund
  4243 | D:4      | Reached XP level 7. HP: 28/43 MP: 1/10
  4374 | D:5      | Reached * piety under Cheibriados
  4480 | D:5      | Found a blossoming altar of Fedhas.
  4484 | D:5      | Found a white marble altar of Elyvilon.
  4484 | D:5      | Found a bloodstained altar of Trog.
  4488 | D:5      | Found an ancient bone altar of Kikubaaqudgha.
  4641 | D:5      | Reached skill level 1 in Evocations
  4795 | D:5      | Reached skill level 4 in Stealth
  4805 | D:5      | Reached XP level 8. HP: 35/48 MP: 9/11
  4887 | D:5      | Noticed Edmund
  4962 | D:5      | Killed Edmund
  4971 | D:5      | Gained mutation: Your spells are a little easier to cast, but a little less powerful. [potion of mutation]
  4971 | D:5      | Gained mutation: You are surrounded by a mild repulsion field (EV +2). [potion of mutation]
  4971 | D:5      | Gained mutation: You have an increased reservoir of magic (+10% MP). [potion of mutation]
  4972 | D:5      | Lost mutation: You have an increased reservoir of magic (+10% MP). [potion of mutation]
  4972 | D:5      | Gained mutation: You are dopey. (Int -2) [potion of mutation]
  4972 | D:5      | Gained mutation: You are frail (-10% HP). [potion of mutation]
  4992 | D:6      | Noticed Prince Ribbit
  5312 | D:6      | Noticed Eustachio
  5333 | D:6      | Killed Eustachio
  5381 | D:6      | Reached skill level 5 in Stealth
  5381 | D:6      | Reached skill level 1 in Poison Magic
  5395 | D:6      | Reached skill level 5 in Unarmed Combat
  5712 | D:6      | Reached ** piety under Cheibriados
  5784 | D:6      | Killed Prince Ribbit
  5784 | D:6      | Reached skill level 6 in Stealth
  5893 | D:6      | Reached XP level 9. HP: 35/47 MP: 12/12
  5907 | D:6      | Found Yduogre's Assorted Antiques.
  5911 | D:7      | Noticed Pikel
  5917 | D:7      | Killed Pikel
  5917 | D:7      | Reached skill level 7 in Stealth
  6186 | D:6      | Bought a smoking amber ring for 135 gold pieces
  6186 | D:6      | Bought a scroll of identify for 54 gold pieces
  6186 | D:6      | Identified the ring of Rogen {rCorr -Tele Str+3 Int-5 Dex+6 Slay+3} (You bought it in a shop on level 6 of the Dungeon)
  6254 | D:8      | Gained mutation: Your spells are easier to cast, but less powerful. [potion of mutation]
  7074 | D:7      | Reached *** piety under Cheibriados
  7293 | D:7      | Reached skill level 8 in Stealth
  7308 | D:7      | Reached skill level 5 in Dodging
  7468 | D:7      | Found a burning altar of Makhleb.
  7468 | D:7      | Found a shadowy altar of Dithmenos.
  7762 | D:8      | Reached **** piety under Cheibriados
  7768 | D:8      | Reached XP level 10. HP: 48/52 MP: 13/13
  7786 | D:8      | Reached skill level 5 in Evocations
  7890 | D:8      | Learned a level 5 spell: Blade Hands
  7976 | D:8      | Reached skill level 9 in Stealth
  8052 | D:8      | Gained mutation: One of your tentacles bears a spike. [potion of mutation]
  8052 | D:8      | Gained mutation: You are partially covered in rough black scales (AC +4, Dex -1). [potion of mutation]
  8185 | D:8      | Found a shadowy altar of Dithmenos.
  8230 | D:8      | Noticed a hill giant
  8241 | D:8      | Killed a hill giant
  8324 | D:10     | Entered Level 10 of the Dungeon
  8419 | D:9      | Reached ***** piety under Cheibriados
  9122 | D:9      | Learned a level 2 spell: Repel Missiles
  9182 | D:10     | Noticed a centaur warrior
  9613 | D:9      | Gained mutation: You have a pair of small antennae on your head. [potion of beneficial mutation]
  9835 | D:10     | Killed a centaur warrior
  9835 | D:10     | Reached skill level 10 in Stealth
  9835 | D:10     | Reached XP level 11. HP: 49/56 MP: 6/16
 10023 | D:10     | Noticed a hill giant
 10037 | D:10     | Slain by a hill giant

Skill      XL: |  1  2  3  4  5  6  7  8  9 10 11 |
---------------+----------------------------------+-----
Stealth        | 1 2 3 4 6 8 10 | 10.2
Unarmed Combat | 4 5 7 8 |  8.9
Transmutations | 4 6 7 8 |  8.2
Evocations     | 1 3 4 6 |  6.5
Dodging        | 3 5 6 |  6.5
Poison Magic   | 1 2 |  2.1
Spellcasting   | 3 4 |  4.2
Fighting       | |  1.0
Charms         | |  0.4

Action                   |  1- 3 |  4- 6 |  7- 9 | 10-12 || total
-------------------------+-------+-------+-------+-------++-------
Melee: Unarmed           |    82 |   137 |   248 |   149 ||   616
       Kick              |    24 |    34 |    53 |    47 ||   158
       Constrict         |    21 |    31 |    31 |    21 ||   104
       Tentacles         |     9 |    26 |    44 |    30 ||   109
       Punch             |     2 |     2 |     9 |     6 ||    19
 Cast: Beastly Appendage |    20 |    24 |    36 |     4 ||    84
       Spider Form       |     2 |     2 |     9 |     8 ||    21
       Ice Form          |       |       |     2 |     2 ||     4
       Blade Hands       |       |       |       |     3 ||     3
       Repel Missiles    |       |       |       |     1 ||     1
  Use: Scroll            |     1 |     5 |     5 |     2 ||    13
       Potion            |       |     1 |     4 |     3 ||     8
 Stab: Sleeping          |     5 |     4 |    17 |    14 ||    40
       Distracted        |       |       |       |     2 ||     2
  Eat: Chunk             |     4 |     6 |     2 |     8 ||    20
       Pizza             |       |     1 |     1 |       ||     2
       Meat ration       |       |     1 |       |       ||     1
Armor: Skin              |    12 |    45 |    38 |    18 ||   113
Dodge: Dodged            |    43 |   100 |   212 |   154 ||   509
